 Dungeon Crawl Stone Soup version 0.23.2-40-g277498a (webtiles) character file.

Game seed: 15625973421680561795

216 silentkaos13 the Grave Robber (level 5, -1/37 HPs)
             Began as a Demonspawn Necromancer on Oct 4, 2019.
             Slain by Grinder (2 damage)
             ... while paralysed by Grinder
             ... on level 3 of the Dungeon.
             The game lasted 00:09:45 (4086 turns).

silentkaos13 the Grave Robber (DsNe)                Turns: 4086, Time: 00:09:45

Health: -1/37      AC:  5    Str: 11 (14) XL:     5   Next: 61%
Magic:  8/8        EV:  2    Int: 15 (17) God:
Gold:   138        SH:  0    Dex: 17 (18) Spells: 5/9 levels left

rFire    + . .     SeeInvis .   g - +2 dagger (pain)
rCold    + . .     Gourm    .   (no shield)
rNeg     . . .     Faith    .   h - +0 leather armour
rPois    .         Spirit   .   f - +0 helmet (curse)
rElec    .         Reflect  .   q - scarf {rC+ rF+}
rCorr    .         Harm     .   (no gloves)
MR       .....                  n - +0 pair of boots
Stlth    +++.......             j - amulet of magic regeneration
HPRegen  0.12/turn              (no ring)
MPRegen  0.36/turn              (no ring)

@: paralysed, mighty, agile
A: hooves 1, powered by death 1, rot immunity
a: no special abilities


You were on level 3 of the Dungeon.
You were not hungry.

You visited 1 branch of the dungeon, and saw 3 of its levels.

You collected 138 gold pieces.

Inventory:

Hand Weapons
 e - a +0 short sword
 g - a +2 dagger of pain (weapon)
Armour
 a - a +0 robe
 f - a cursed +0 helmet (worn)
 h - a +0 leather armour (worn)
 n - a +0 pair of boots (worn)
 q - a scarf of resistance (worn)
Jewellery
 j - an amulet of magic regeneration (around neck)
 r - an uncursed amulet of rage
Scrolls
 d - a scroll of teleportation {unknown}
 i - a scroll of amnesia {unknown}
 o - 2 scrolls of magic mapping
 p - a scroll of enchant weapon {unknown}
 s - a scroll of noise {unknown}
 u - a scroll of remove curse {unknown}
 v - a scroll of blinking {unknown}
Potions
 l - 5 potions of flight
 m - a potion of agility
 w - a potion of haste
Comestibles
 c - 2 rations


   Skills:
 + Level 1.1 Fighting
 + Level 2.0 Short Blades
 + Level 1.5 Armour
 + Level 2.3 Dodging
 + Level 2.5 Stealth
 + Level 2.5 Spellcasting
 + Level 5.3 Necromancy


You had 5 spell levels left.
You knew the following spells:

 Your Spells              Type           Power        Failure   Level  Hunger
a - Pain                  Necr           ###.         3%          1    #......
b - Vampiric Draining     Necr           ###.......   10%         3    ###....

Your spell library contained the following spells:

 Spells                   Type           Power        Failure   Level  Hunger
 Animate Skeleton         Necr           N/A          3%          1    #......
 Confusing Touch          Hex            #.....       28%         1    #......
 Regeneration             Chrm/Necr      #.........   28%         3    ###....
 Animate Dead             Necr           N/A          30%         4    #####..
 Confuse                  Hex            #.......     63%         3    ###....
 Gell's Gravitas          Tloc           #.........   63%         3    ###....
 Petrify                  Tmut/Erth      #.......     95%         4    #####..
 Metabolic Englaciation   Hex/Ice        #.........   100%        5    ######.
 Yara's Violent Unravell  Hex/Tmut       #.........   100%        5    ######.


Dungeon Overview and Level Annotations

Branches:
Dungeon (3/15)

Altars:

Annotations:
D:3 Grinder


Innate Abilities, Weirdness & Mutations

You have large cloven feet.
You regenerate a little health from kills.
You are immune to rotting.


Message History

* * * LOW HITPOINT WARNING * * *
Grinder gestures at you.
You suddenly lose the ability to move!
You can move again.
It was a potion of magic.
Magic courses through your body.
Grinder says, "Wait up."
Grinder barely misses you.
It was a potion of degeneration.
There was something very wrong with that liquid.
You feel weakened.
You feel dopey.
You feel clumsy. Grinder hits you.
* * * LOW HITPOINT WARNING * * *
You writhe in agony.
* * * LOW HITPOINT WARNING * * *
It was a potion of might.
You feel very mighty all of a sudden. Grinder gestures at you.
You suddenly lose the ability to move!
Grinder hits you.
You die...

#.........#.#.######.#.#
#.#...#...#.#.#........##
#.#.>....................
#.#.#.#'.##'#.###########
#.#.#....................
#.#..........############
#.#.#........'...........
#.#+#...5....############
#.......@................
#.....##.##'#.........##.
#.....##.##.#....####..#.
#.#'#.5................#.
#[#.####.##.##.###.#####≈
#.#.# #.<#.#...........≈
#.#.# #..#.#..###.####.≈
#.#.# #..#.#..#........≈
#.#.####..#.###########.≈


You could see Grinder.

Vanquished Creatures
  Natasha (thrice) (D:3)
  Terence (D:3)
  5 adders
  2 worms (D:2)
  2 dart slugs
  2 leopard geckos (D:1)
  4 giant cockroaches
  6 goblins
  5 hobgoblins
  7 jackals
  8 kobolds
  2 quokkas (D:2)
  A ball python (D:1)
  5 bats
  3 frilled lizards
  7 rats
  A plant (D:3)
64 creatures vanquished.

Vanquished Creatures (others)
  A plant (D:3)
1 creature vanquished.

Grand Total: 65 creatures vanquished

Notes
Turn   | Place    | Note
-------+----------+-------------------------------------------
     0 | D:1      | silentkaos13 the Demonspawn Necromancer began the quest for
                  | the Orb.
     0 | D:1      | Reached XP level 1. HP: 13/13 MP: 3/3
   251 | D:1      | Gained mutation: You are immune to rotting. [demonic
                  | ancestry]
   251 | D:1      | Reached XP level 2. HP: 11/19 MP: 0/5
   570 | D:1      | Reached skill level 5 in Necromancy
  1393 | D:2      | Reached XP level 3. HP: 24/24 MP: 6/6
  1425 | D:2      | Learned a level 3 spell: Vampiric Draining
  1650 | D:2      | Gained mutation: You have large cloven feet. [demonic
                  | ancestry]
  1650 | D:2      | Reached XP level 4. HP: 21/31 MP: 2/7
  2454 | D:3      | Reached skill level 1 in Short Blades
  2512 | D:3      | Noticed Terence
  2799 | D:3      | Noticed Natasha
  2806 | D:3      | Killed Natasha
  2806 | D:3      | Reached skill level 1 in Fighting
  2806 | D:3      | Reached skill level 1 in Armour
  3003 | D:3      | Noticed Grinder
  3008 | D:3      | Paralysed by Grinder for 6 turns
  3014 | D:3      | Killed Terence
  3014 | D:3      | Gained mutation: You regenerate a little health from kills.
                  | [demonic ancestry]
  3014 | D:3      | Reached XP level 5. HP: 17/37 MP: 0/8
  3359 | D:3      | Noticed Natasha
  3367 | D:3      | Killed Natasha
  3678 | D:3      | Noticed Natasha
  3689 | D:3      | Killed Natasha
  4066 | D:3      | HP: 1/37 [Grinder (3)]
  4079 | D:3      | Paralysed by Grinder for 4 turns
  4084 | D:3      | HP: 1/37 [Grinder (2)]
  4085 | D:3      | Paralysed by Grinder for 7 turns
  4086 | D:3      | Slain by Grinder

Skill      XL: |  1  2  3  4  5 |
---------------+----------------+-----
Necromancy     | 5 |  5.3
Stealth        | 2 |  2.5
Dodging        | 2 |  2.3
Short Blades   | 1 2 |  2.0
Fighting       | 1 |  1.1
Armour         | 1 |  1.5
Spellcasting   | |  2.5

Action                   |  1- 3 |  4- 6 || total
-------------------------+-------+-------++-------
Melee: Short sword       |     1 |       ||     1
       Dagger            |    83 |   125 ||   208
 Cast: Pain              |    12 |     8 ||    20
       Vampiric Draining |     2 |     2 ||     4
  Use: Potion            |       |     5 ||     5
       Scroll            |       |     4 ||     4
 Stab: Sleeping          |     5 |       ||     5
  Eat: Chunk             |     1 |     4 ||     5
       Ration            |     1 |     1 ||     2
Armor: Robe              |     1 |       ||     1
       Leather armour    |    31 |    20 ||    51
Dodge: Dodged            |    49 |    38 ||    87
